 Dungeon Crawl Stone Soup version 0.31.0-1-g2c135a0 (webtiles) character file.

Game seed: 10112929590537547935

4 realgeorgebush46 the Trooper (level 1, 14/14 HPs)
             Began as a Gargoyle Monk on Feb 16, 2024.
             Quit the game on level 1 of the Dungeon.
             The game lasted 00:00:09 (41 turns).

realgeorgebush46 the Trooper (Gargoyle Monk)          Turns: 41, Time: 00:00:10

Health: 14/14      AC:  4    Str: 14    XL:     1   Next: 70%
Magic:  1/1        EV: 12    Int: 10    God:
Gold:   0          SH:  0    Dex: 12    Spells: 0/0 levels left

rFire   . . .        a - +0 falchion
rCold   . . .        d - orb {light}
rNeg    + . .        b - +0 robe
rPois   ∞            (no helmet)
rElec   +            (no cloak)
rCorr   .            (no gloves)
SInv    .            (no boots)
Will    .....        (no amulet)
Stlth   +            (no ring)
HPRegen 0.22/turn    (no ring)
MPRegen 0.07/turn

%: no passive effects
@: glowing
A: sickness immunity, AC +2, negative energy resistance 1, electricity
resistance, torment resistance 1, petrification resistance
a: no special abilities


You were on level 1 of the Dungeon.
You visited 1 branch of the dungeon, and saw 1 of its levels.

Inventory:

Hand Weapons
 a - a +0 falchion (weapon)
Armour
 b - a +0 robe (worn)
 d - an orb of light (worn)
Potions
 c - a potion of ambrosia


   Skills:
 + Level 3.4 Fighting
 + Level 2.8 Long Blades
 + Level 2.5 Dodging


You couldn't memorise any spells.
You didn't know any spells.
Your spell library contained the following spells:

 Spells                   Type           Power      Damage    Failure   Level
 Sting                    Conj/Alch      0%         1d3       36%         1
 Mercury Vapours          Alch/Air       0%         N/A       50%         2
 Olgreb's Toxic Radiance  Alch           0%         N/A       98%         4


Dungeon Overview and Level Annotations

Branches:
Dungeon (1/15)

Altars:


Innate Abilities, Weirdness & Mutations

You are immune to sickness and miasma.
Your stone body is resilient. (AC +2)
You are immune to poison.
You resist negative energy. (rN+)
You are resistant to electric shocks. (rElec)
You are resistant to unholy torment.
You are immune to petrification.


Message History

A ball python comes into view.
A ball python is nearby!
A ball python is nearby!
A goblin comes into view. It is wielding a +0 club.
Found an escape hatch in the floor.
The goblin shouts!
You see here a yellow potion.
You hit the ball python.
You kill the ball python!
A kobold comes into view. It is wielding a +0 whip.
The kobold shouts!
The kobold throws a stone.
The stone hits you but does no damage.
You hit the goblin.
You kill the goblin!
The kobold throws a stone.
The stone closely misses you.
The kobold throws a stone.
The stone barely misses you.
An endoplasm comes into view.
Found a Young Poisoner's Handbook and a cyan potion.
The endoplasm quivers.
The endoplasm moves out of view.
The kobold closely misses you.
You hit the kobold.
You kill the kobold!
The endoplasm freezes you.
You are frozen.
You hit the endoplasm.
The endoplasm is heavily wounded.
The endoplasm hits you but does no damage.
An endoplasm is nearby!
You hit the endoplasm.
You kill the endoplasm!
No target in view!
No target in view!
HP restored.
Found a stone staircase leading down.
Found a stone staircase leading down.
You pick up a Young Poisoner's Handbook and begin reading...
You add the spells Sting, Mercury Vapours and Olgreb's Toxic Radiance to your library.
Unknown command.
Are you sure you want to abandon this character and quit the game? (Confirm with "yes".)

#.......# ##.......#
........## #####.......#
...#.......######.
................
.>#####....>......!. ###
.......@...)#...######<#
...###....##....#.......
#.......#.)#+####'#
#..................
#.....#.###.#†!...##
.....###..#........#
..##.># #............#
#. #..# ..###....##...
... ..## #.##.###..


There were no monsters in sight!

Vanquished Creatures
  An endoplasm (D:1)
  A goblin (D:1)
  A kobold (D:1)
  A ball python (D:1)
4 creatures vanquished.

Notes
Turn   | Place    | Note
-------+----------+-------------------------------------------
     0 | D:1      | realgeorgebush46 the Gargoyle Monk began the quest for the
                  | Orb.
     0 | D:1      | Reached XP level 1. HP: 14/14 MP: 1/1
    41 | D:1      | Quit the game

Illustrated notes

Levels and vault maps discovered:
D:1:      minmay_arrival_three_doors, layout_rooms

Action                     || total
---------------------------++-------
  Melee: Falchion          ||     5
 Armour: Robe              ||     2
  Dodge: Dodged            ||     3
